 Dungeon Crawl Stone Soup version 0.23.2-33-g5129a83184 (webtiles) character file.

Game seed: 13080948564478250517

81 MalarOregon the Chiller (level 4, -3/31 HPs)
             Began as a Merfolk Ice Elementalist on Aug 5, 2019.
             Slain by a gnoll
             ... wielding a +0 whip
              (7 damage)
             ... on level 2 of the Dungeon.
             The game lasted 00:09:52 (2652 turns).

MalarOregon the Chiller (Merfolk Ice Elementalist)  Turns: 2652, Time: 00:09:53

Health: -3/31      AC:  2    Str:  8    XL:     4   Next: 40%
Magic:  8/8        EV: 13    Int: 15    God:
Gold:   46         SH:  0    Dex: 14    Spells: 1/9 levels left

rFire    . . .     SeeInvis .   f - +0 dagger
rCold    . . .     Gourm    .   (no shield)
rNeg     . . .     Faith    .   a - +0 robe
rPois    .         Spirit   .   (no helmet)
rElec    .         Reflect  .   (no cloak)
rCorr    .         Harm     .   (no gloves)
MR       .....                  (no boots)
Stlth    ++........             (no amulet)
HPRegen  0.10/turn              (no ring)
MPRegen  0.11/turn              (no ring)

@: no status effects
A: change form in water, swift swim, stealthy swim
a: no special abilities


You were on level 2 of the Dungeon.
You were near starving.

You visited 1 branch of the dungeon, and saw 2 of its levels.

You collected 46 gold pieces.

Inventory:

Hand Weapons
 f - a +0 dagger (weapon)
   (You found it on level 1 of the Dungeon)
Armour
 a - a +0 robe (worn)
 d - a cursed +0 robe
   (You found it on level 1 of the Dungeon)
Scrolls
 b - a scroll of remove curse {unknown}
 c - a scroll of blinking {unknown}
 g - a scroll of amnesia {unknown}
 h - a scroll of identify {unknown}
 i - a scroll of random uselessness {unknown}
Potions
 j - a potion of lignification {unknown}
Comestibles
 e - 5 rations {!d}


   Skills:
 + Level 0.5 Fighting
 - Level 2.6 Dodging
 - Level 2.1 Stealth
 + Level 3.1 Spellcasting
   Level 0.7 Conjurations
 + Level 0.4 Summonings
 + Level 4.5 Ice Magic


You had one spell level left.
You knew the following spells:

 Your Spells              Type           Power        Failure   Level  Hunger
a - Freeze                Ice            ###.         3%          1    #......
b - Ozocubu's Armour      Chrm/Ice       #.......     24%         3    ###....
d - Summon Ice Beast      Ice/Summ       #.......     58%         4    #####..

Your spell library contained the following spells:

 Spells                   Type           Power        Failure   Level  Hunger
 Throw Frost              Conj/Ice       ##....       11%         2    ##.....
 Throw Icicle             Conj/Ice       ##......     56%         4    #####..


Dungeon Overview and Level Annotations

Branches:
Dungeon (2/15)

Altars:


Message History

The gnoll shouts!
The gnoll shouts!
There is a stone staircase leading up, spattered with blood here.
You are feeling very hungry.
The gnoll hits you!
* * * LOW HITPOINT WARNING * * *
You climb upwards.
There is a stone staircase leading down here.
Unknown command.
There is an open door here.
You see here 15 stones.
Here: a gnoll The floor.
Unknown command.
The gnoll closely misses you. The gnoll hits you but does no damage.
Aim: a gnoll You freeze the gnoll!
The gnoll hits you.
* * * LOW HITPOINT WARNING * * *
Aim: a gnoll (severely wounded)
You freeze the gnoll. The gnoll completely misses you.
Aim: a gnoll (almost dead)
You miscast Freeze.
You are very lightly contaminated with residual magic.
Nothing appears to happen.
The gnoll closely misses you.
Aim: a gnoll (almost dead)
You freeze the gnoll!
You kill the gnoll!
There is a stone staircase leading down here.
You start resting.
Your magical contamination has completely faded away.
You start resting.
You are near starving!
You start resting.
You see here 15 stones.
There is an open door here.
There is a stone staircase leading down here.
You climb downwards.
The gnoll hits you with a +0 whip! The kobold barely misses you.
The kobold hits you with a +0 dagger. The gnoll hits you!
* * * LOW HITPOINT WARNING * * *
The kobold misses you. The gnoll hits you with a +0 whip.
* * * LOW HITPOINT WARNING * * *
There is a stone staircase leading up, spattered with blood here.
Unknown command.
The kobold hits you but does no damage. The gnoll barely misses you. x2
The kobold hits you.
* * * LOW HITPOINT WARNING * * *
The gnoll hits you with a +0 whip!
You die...

.......# ......# ......
....# ...# ### ..# ..#
##'## #.# ##K..## ###.#
##@g...## ##.#.#
##ggK....##
####....###.g.......####...
.........)'$........'......
#.......###.........####...
.###..#.# ##.......##
##.#.# #g.......#
#..###.##...#.#
#...##.###'##.#


You could see 5 gnolls and 2 kobolds.

Vanquished Creatures
  2 gnolls
  An ooze (D:2)
  2 worms (D:2)
  4 dart slugs
  2 leopard geckos
  A ball python (D:1)
  A giant cockroach (D:1)
  4 goblins
  7 hobgoblins
  4 jackals (D:1)
  4 bats
  A frilled lizard (D:2)
  3 kobolds
  6 rats
42 creatures vanquished.

Notes
Turn   | Place    | Note
-------+----------+-------------------------------------------
     0 | D:1      | MalarOregon the Merfolk Ice Elementalist began the quest
                  | for the Orb.
     0 | D:1      | Reached XP level 1. HP: 13/13 MP: 3/3
   260 | D:1      | Reached XP level 2. HP: 7/19 MP: 0/5
   891 | D:1      | Reached XP level 3. HP: 24/24 MP: 3/6
   927 | D:1      | Reached skill level 4 in Ice Magic
  1646 | D:1      | Learned a level 3 spell: Ozocubu's Armour
  2214 | D:2      | Reached XP level 4. HP: 30/30 MP: 6/8
  2220 | D:2      | Learned a level 4 spell: Summon Ice Beast
  2652 | D:2      | Slain by a gnoll

Skill      XL: |  1  2  3 |
---------------+----------+-----
Ice Magic      | 4 |  4.5
Spellcasting   | 3 |  3.1
Fighting       | |  0.5
Dodging        | |  2.6
Stealth        | |  2.1
Conjurations   | |  0.7
Summonings     | |  0.4

Action                   |  1- 3 |  4- 6 || total
-------------------------+-------+-------++-------
Melee: Unarmed           |    27 |       ||    27
       Dagger            |    39 |     1 ||    40
 Cast: Freeze            |    55 |    11 ||    66
 Stab: Sleeping          |     1 |       ||     1
  Eat: Chunk             |     4 |       ||     4
Armor: Robe              |    17 |     3 ||    20
Dodge: Dodged            |    64 |    14 ||    78
